Map: Flashback EE

Players

Kdog

  • Race: Zerg Zerg
  • Spawn Location: 7:00

zargana

  • Race: Terran Terran
  • Spawn Location: 7:00

Rangor

  • Race: Protoss Protoss
  • Spawn Location: 7:00

MrFercho - Winner!

  • Race: Zerg Zerg
  • Spawn Location: 11:00

tigro - Winner!

  • Race: Terran Terran
  • League: Bronze
  • Spawn Location: 9:00

TATORREA - Winner!

  • Race: Protoss Protoss
  • League: Silver
  • Spawn Location: 11:00

VOD

Have the link to the VOD?

Description

Time

  • Played on: June 11, 2020, 8:46 p.m.
  • Length: 19:34
Show
View Real Time Build Order
Export as new Build Order

Kdog Zerg 

Build Orders: Pool First 

Get SALT Encoding   

  12  0:02  Drone  
  13  0:13  Overlord  
  13  0:25  Drone  
  14  0:38  Spawning Pool  
  14  0:40  Drone  
  14  0:45  Drone  
  14  0:49  Drone  
  16  0:54  Drone  
  17  0:58  Extractor  
  16  1:19  Drone x2  
  18  1:31  Queen  
  20  1:34  Drone  
  21  1:47  Zergling x2  
  22  2:06  Overlord x2  
  22  2:25  Zergling x4  
  24  2:37  Zergling x2  
  25  2:47  Zergling x4  
  25  2:48  Zergling x4  
  28  2:52  Metabolic Boost  
  28  3:07  Hatchery  
  27  3:13  Zergling x4  
  27  3:18  Lair  
  29  3:27  Zergling x2  
  29  3:28  Zergling x6  
  33  3:46  Zergling x2  
  33  3:47  Zergling x2  
  31  4:22  Zergling x8  
  34  4:29  Drone  
  35  4:32  Zergling x2  
  36  4:52  Queen  
  38  4:54  Drone x3  
  38  4:55  Drone  
  38  4:59  Spire  
  41  5:02  Extractor  
  40  5:11  Drone x2  
  40  5:13  Drone x2  
  44  5:17  Extractor  
  43  5:24  Drone  
  44  5:48  Overlord  
  44  5:49  Overlord  
  44  6:05  Hatchery  
  44  6:06  Queen  
  44  6:08  Drone x8  
  44  6:09  Drone x3  
  56  6:21  Extractor  
  55  6:36  Zerg Flyer Weapons Level 1  
  55  6:41  Mutalisk  
  55  6:42  Mutalisk  
  59  7:10  Overlord x2  
  59  7:11  Overlord  
  59  7:23  Evolution Chamber  
  59  7:25  Overlord  
  59  7:26  Overlord x7  
  51  7:48  Extractor  
  46  7:54  Mutalisk  
  46  7:55  Mutalisk x4  
  51  8:07  Queen  
  53  8:15  Mutalisk  
  53  8:16  Mutalisk  
  57  8:31  Mutalisk x3  
  63  8:49  Mutalisk  
  63  8:50  Mutalisk x2  
  69  9:03  Mutalisk  
  69  9:04  Mutalisk x2  
  64  9:46  Mutalisk x6  
  76  9:57  Drone  
  76  9:58  Drone x3  
  80  10:06  Infestation Pit  
  80  10:07  Drone x2  
  81  10:33  Drone x8  
  89  10:52  Hive  
  89  10:53  Zerg Flyer Weapons Level 2  
  89  11:12  Mutalisk  
  89  11:13  Mutalisk x3  
  97  11:42  Mutalisk x4  
  101  12:19  Drone  
  101  12:20  Drone x9  
  111  12:32  Extractor  
  110  12:37  Overlord  
  110  12:38  Overlord x2  
  110  12:39  Hatchery  
  109  12:59  Spire  
  109  13:00  Corruptor x7  
  113  13:29  Mutalisk  
  113  13:30  Mutalisk x3  
  115  14:01  Zergling x12  
  115  14:02  Zergling x10  
  126  14:12  Spine Crawler  
  126  14:13  Spine Crawler x2  
  117  14:28  Mutalisk x7  
  119  15:00  Mutalisk x4  
  127  15:20  Zerg Flyer Weapons Level 3  
  92  15:43  Mutalisk  
  92  15:44  Mutalisk x2  
  84  15:50  Zergling x12  
  88  16:24  Mutalisk x3  
  88  16:25  Mutalisk  
  96  16:56  Greater Spire  
  96  17:01  Drone  
  96  17:02  Drone x17  
  114  17:14  Extractor  
  113  17:18  Viper, Extractor  
  115  17:24  Overlord x2  
  112  17:39  Zergling x2  
  112  17:40  Zergling x20  
  115  17:52  Corruptor x2  
  115  17:53  Corruptor x2  
  115  18:22  Mutalisk  
  115  18:23  Mutalisk x4  
  69  18:57  Brood Lord  
  69  18:58  Brood Lord  
Show
View Real Time Build Order
Export as new Build Order

zargana Terran 

Build Orders:  

Get SALT Encoding   

  12  0:13  SCV  
  13  0:21  Supply Depot  
  13  0:35  SCV  
  14  0:50  Barracks  
  14  1:11  SCV  
  15  1:18  Refinery  
  15  1:38  SCV  
  16  1:54  Marine  
  17  2:05  SCV  
  18  2:12  Marine  
  19  2:30  Marine  
  20  2:44  SCV  
  21  2:54  Barracks Reactor  
  21  3:06  Factory  
  21  3:18  SCV  
  22  3:30  SCV  
  23  4:32  Supply Depot  
  23  4:43  Command Center  
  23  4:54  Marine x2  
  25  5:01  Hellion  
  27  5:11  SCV, Marine x2  
  27  5:12  Starport  
  30  5:23  SCV  
  31  5:31  Supply Depot  
  31  5:52  Marine x2  
  31  5:53  Hellion  
  35  5:57  Orbital Command  
  35  6:10  Marine x2  
  37  6:14  SCV, Hellion  
  40  6:26  SCV  
  40  6:30  Medivac  
  43  6:35  Hellion  
  45  7:00  Medivac  
  47  7:12  Factory Tech Lab  
  47  7:30  Medivac  
  49  8:00  Viking  
  51  8:30  Viking  
  46  9:11  Marine  
  46  9:12  Marine  
  50  9:17  Hellion, Barracks  
  50  9:29  Marine x2  
  40  9:38  Hellion  
  36  9:47  Marine x2  
  36  9:49  Medivac  
  42  10:00  Hellion  
  44  10:21  Hellion  
  44  10:23  SCV  
  45  10:36  SCV  
  45  10:42  Siege Tank  
  49  10:48  SCV  
  50  10:50  Refinery  
  50  11:14  Siege Tank  
  50  11:16  Command Center  
  53  12:28  Siege Tank  
  55  13:44  Command Center  
  45  14:28  Starport Tech Lab  
  43  15:18  SCV  
  34  15:30  SCV  
  29  15:46  Viking  
  31  16:09  Starport  
  33  16:24  Liberator  
  34  16:32  Marine x2  
  36  16:50  Marine  
  37  17:06  Liberator  
  40  17:09  Liberator  
  43  17:34  Refinery  
  43  17:49  Liberator  
  31  18:16  Marine x2  
  33  18:32  Liberator  
  33  18:34  Marine x2  
  34  18:52  Marine x2  
  34  19:10  Marine x2  
Show
View Real Time Build Order
Export as new Build Order

Rangor Protoss 

Build Orders:  

Get SALT Encoding   

  12  0:01  Probe  
  13  0:13  Probe  
  14  0:25  Probe  
  14  0:26  Pylon  
  15  0:34  Assimilator  
  15  0:44  Probe  
  16  0:51  Gateway  
  16  0:56  Probe  
  17  1:04  Pylon  
  17  1:08  Probe  
  18  1:20  Probe, Gateway  
  19  1:30  Probe  
  20  1:35  Assimilator  
  20  1:38  Probe  
  22  1:40  Zealot  
  22  1:47  Probe  
  24  1:56  Cybernetics Core  
  24  2:02  Probe  
  25  2:10  Zealot x2  
  29  2:23  Probe  
  30  2:42  Pylon  
  30  2:47  Pylon  
  30  2:57  Pylon  
  30  3:00  Stalker x2  
  34  3:16  Warp Gate  
  34  3:26  Forge  
  34  3:30  Stalker x2  
  34  3:33  Probe  
  39  3:45  Probe  
  34  4:28  Nexus  
  34  4:31  Stalker  
  34  4:32  Stalker  
  38  4:42  Photon Cannon  
  38  5:14  Assimilator  
  38  5:18  Assimilator  
  38  5:21  Pylon  
  38  5:24  Pylon  
  38  5:27  Pylon  
  38  5:29  Stalker  
  38  5:30  Stalker  
  42  5:40  Gateway  
  42  5:43  Gateway  
  42  5:49  Probe  
  43  5:52  Probe  
  44  6:01  Probe  
  45  6:04  Probe  
  46  6:15  Stargate  
  46  6:17  Stargate  
  46  6:19  Probe  
  47  6:27  Probe  
  48  6:37  Probe  
  48  6:39  Stalker  
  51  6:40  Stalker x3  
  57  6:49  Probe  
  58  7:02  Probe  
  59  7:12  Void Ray x2  
  67  7:19  Stalker x4  
  75  7:32  Protoss Ground Weapons Level 1  
  71  8:22  Stalker x4  
  71  8:26  Void Ray x2  
  83  9:09  Void Ray x2  
  91  9:17  Stalker x4  
  62  10:16  Stalker  
  62  10:17  Stalker x3  
  62  10:20  Protoss Ground Armor Level 1  
  70  10:23  Void Ray x2  
  78  10:49  Photon Cannon  
  78  10:52  Nexus  
  78  10:56  Stalker x2  
  82  11:22  Probe  
  83  11:35  Probe  
  84  11:47  Probe  
  85  11:59  Probe  
  82  12:11  Probe  
  63  12:29  Probe  
  56  12:30  Stalker  
  56  12:31  Stalker x2  
  56  12:34  Void Ray  
  56  12:35  Void Ray  
  70  12:41  Probe  
  71  12:53  Probe  
  72  13:05  Assimilator  
  72  13:06  Probe  
  72  13:09  Assimilator  
  73  13:17  Void Ray x2  
  73  13:18  Probe  
  80  13:30  Probe  
  81  13:39  Stalker x4  
  89  13:42  Probe  
  90  13:54  Probe  
  91  14:00  Void Ray  
  95  14:06  Probe  
  92  14:18  Probe  
  72  15:29  Stalker x4  
  69  16:04  Pylon  
  69  16:09  Pylon  
  69  16:12  Pylon  
  69  16:16  Pylon  
  69  16:31  Void Ray x2  
  71  16:59  Stalker x4  
  79  17:12  Photon Cannon  
  79  17:14  Void Ray x2, Photon Cannon  
  87  17:17  Photon Cannon  
  87  17:20  Photon Cannon  
  87  17:25  Assimilator  
  87  17:29  Probe  
  86  17:30  Pylon  
  72  17:41  Probe  
  54  17:53  Probe  
  54  17:56  Void Ray  
  54  17:57  Stalker x3  
  54  17:58  Stalker  
  67  18:05  Probe  
  68  18:18  Probe  
  69  18:25  Stalker  
  69  18:26  Stalker x3  
  57  19:09  Stalker x4  
Show
View Real Time Build Order
Export as new Build Order

MrFercho Zerg - Winner!

Build Orders: Hatch First, Muta Ling Bane 

Get SALT Encoding   

  12  0:41  Overlord  
  12  0:42  Drone  
  13  0:50  Hatchery  
  12  0:58  Drone x2  
  14  1:18  Spawning Pool  
  13  1:26  Drone x3  
  13  1:31  Extractor  
  15  1:46  Drone  
  16  1:53  Drone  
  17  1:59  Drone  
  18  2:08  Queen  
  18  2:12  Zergling x4  
  18  2:15  Drone  
  23  2:23  Drone  
  23  2:24  Queen, Drone  
  27  2:34  Drone  
  28  3:05  Baneling Nest  
  27  3:07  Evolution Chamber  
  26  3:18  Lair  
  26  3:20  Drone x2  
  26  3:22  Overlord x2  
  27  3:45  Zergling x18  
  35  3:58  Metabolic Boost  
  35  4:11  Extractor x2  
  31  4:40  Drone x9  
  40  5:00  Spire  
  39  5:11  Drone x4  
  43  5:26  Overlord x3  
  43  6:00  Hatchery  
  43  6:04  Drone x12  
  54  6:13  Queen  
  54  6:16  Mutalisk x4  
  64  6:25  Extractor  
  63  6:31  Zerg Flyer Weapons Level 1  
  63  6:37  Zerg Ground Armor Level 1  
  63  6:46  Hatchery  
  62  6:56  Drone x5  
  62  6:59  Overlord x3  
  62  7:00  Overlord  
  67  7:17  Extractor  
  67  7:18  Drone x5  
  67  7:19  Drone  
  67  7:20  Extractor  
  71  7:38  Drone x8  
  79  7:47  Mutalisk x2  
  83  8:01  Hatchery  
  82  8:33  Infestation Pit  
  82  8:34  Mutalisk x8  
  96  8:46  Mutalisk x2  
  88  8:52  Baneling  
  82  9:00  Spore Crawler  
  74  9:11  Spore Crawler  
  74  9:12  Spore Crawler  
  74  9:14  Mutalisk x2  
  73  9:20  Zergling x2  
  73  9:21  Zergling x38  
  87  9:57  Centrifical Hooks  
  87  10:00  Zergling x14  
  87  10:01  Zergling x16  
  102  10:15  Baneling x12  
  102  10:16  Baneling x11  
  102  10:22  Queen  
  104  10:33  Hive  
  104  10:42  Zergling x12  
  110  10:51  Overlord  
  110  10:52  Overlord x6  
  110  10:54  Overlord x3  
  110  11:11  Drone x16  
  115  11:12  Drone  
  108  12:01  Mutalisk x8  
  108  12:02  Mutalisk  
  118  12:25  Hydralisk Den  
  117  12:35  Drone  
  117  12:36  Drone x22  
  140  12:51  Spore Crawler x2  
  103  13:24  Mutalisk x3  
  103  13:25  Mutalisk x4  
  111  13:44  Hatchery  
  110  14:07  Spire  
  110  14:08  Greater Spire  
  109  14:16  Zerg Missile Weapons Level 1  
  109  14:30  Mutalisk x9  
  109  14:31  Mutalisk x7  
  141  14:50  Queen  
  143  14:56  Muscular Augments  
  83  15:50  Mutalisk x5  
  83  15:51  Mutalisk, Corruptor  
  83  15:52  Corruptor x4  
  83  15:54  Mutalisk  
  97  16:08  Grooved Spines  
  97  16:27  Hydralisk  
  97  16:28  Hydralisk x9  
  117  16:58  Hatchery  
  117  17:00  Extractor  
  115  17:02  Extractor  
  114  17:13  Hydralisk x12  
  138  17:20  Overlord x4  
  138  17:21  Overlord x7  
  138  17:22  Overlord  
  138  18:23  Brood Lord x5  
  106  18:57  Hydralisk x14  
  106  18:58  Hydralisk  
Show
View Real Time Build Order
Export as new Build Order

tigro Terran - Winner!

Build Orders:  

Get SALT Encoding   

  12  0:04  SCV  
  13  0:16  SCV  
  14  0:27  Supply Depot  
  14  0:28  SCV  
  15  0:37  Refinery  
  15  0:48  SCV  
  16  0:52  Barracks  
  16  1:00  SCV  
  17  1:05  Refinery  
  17  1:13  SCV  
  18  1:25  SCV  
  19  1:37  SCV  
  20  1:51  Marine  
  21  1:58  Barracks  
  21  2:09  Marine  
  22  2:19  SCV  
  23  2:34  Supply Depot  
  23  2:55  SCV, Marine  
  23  2:57  Barracks Tech Lab  
  25  3:08  SCV  
  25  3:12  Engineering Bay  
  26  3:13  Marine  
  26  3:16  Factory  
  27  3:20  SCV  
  28  3:31  Combat Shield, Marine  
  29  3:35  Marine  
  30  3:49  Missile Turret  
  30  3:53  Marine  
  31  4:03  Barracks Tech Lab  
  31  4:07  Orbital Command  
  31  4:10  Missile Turret  
  31  4:30  Stimpack, Missile Turret  
  31  4:43  Marine  
  32  4:46  Factory Tech Lab  
  32  4:50  Concussive Shells  
  32  5:00  Marine  
  32  5:05  Missile Turret  
  33  5:18  Marine  
  34  5:24  Missile Turret  
  34  5:30  Starport  
  34  5:36  Terran Infantry Weapons Level 1  
  34  5:44  Missile Turret  
  34  5:54  Command Center  
  34  6:05  Missile Turret  
  34  6:07  Starport  
  34  6:17  Medivac  
  36  6:26  Missile Turret  
  36  6:47  Medivac  
  36  6:50  Starport Tech Lab  
  38  6:57  Missile Turret  
  38  7:08  Refinery  
  38  7:09  Fusion Core  
  38  7:14  SCV  
  39  7:26  SCV  
  40  7:30  Missile Turret, Terran Infantry Armor Level 1  
  40  7:38  SCV  
  41  7:50  SCV  
  32  7:58  Missile Turret  
  32  8:02  SCV  
  29  8:10  Marine x2  
  31  8:17  Siege Tank  
  34  8:21  Medivac  
  36  8:28  Marine x2  
  37  8:43  Refinery  
  37  8:46  Marine x2  
  39  8:50  Medivac, Starport Tech Lab, Siege Tank  
  44  9:03  Marine  
  44  9:04  Marine  
  46  9:21  Marine x2  
  46  9:22  Siege Tank  
  51  9:24  Neosteel Armor  
  47  9:39  Marine x2  
  40  9:57  Marine  
  37  10:39  Medivac x2  
  41  11:05  Hi-Sec Auto Tracking  
  41  11:09  Battlecruiser  
  41  11:10  Battlecruiser  
  53  11:13  Weapon Refit  
  50  11:52  Marine x2  
  43  12:10  Marine x2  
  43  12:14  Battlecruiser  
  51  12:22  Missile Turret  
  51  12:27  Marine  
  51  12:28  Marine  
  53  12:42  Missile Turret  
  53  12:45  Marine x2  
  53  12:46  Refinery  
  55  12:53  Battlecruiser, Rapid Reignition System  
  61  13:02  Missile Turret  
  61  13:03  Marine  
  62  13:21  Missile Turret  
  62  13:33  Supply Depot  
  62  13:40  Missile Turret  
  62  13:48  SCV  
  62  13:54  Marine  
  62  13:55  Battlecruiser, Supply Depot  
  69  13:58  Missile Turret  
  69  14:00  SCV  
  77  14:17  SCV, Battlecruiser, Missile Turret  
  77  14:30  Planetary Fortress  
  77  14:36  Missile Turret  
  77  14:50  Command Center  
  77  15:04  Missile Turret  
  77  15:08  Missile Turret  
  77  15:24  Missile Turret  
  77  15:41  Medivac x2  
  81  15:47  Missile Turret  
  81  16:21  Refinery  
  81  16:31  Refinery  
  81  16:43  Planetary Fortress  
  81  17:01  Missile Turret  
  81  17:16  Battlecruiser x2  
  93  17:24  Missile Turret  
  70  17:45  Missile Turret  
  63  18:05  Missile Turret  
  38  18:26  Missile Turret  
  38  19:12  Marine x2  
Show
View Real Time Build Order
Export as new Build Order

TATORREA Protoss - Winner!

Build Orders:  

Get SALT Encoding   

  12  0:01  Probe  
  13  0:20  Probe  
  14  0:28  Pylon  
  14  0:32  Probe  
  14  0:34  Assimilator  
  15  0:46  Probe  
  16  1:00  Gateway  
  16  1:01  Gateway  
  16  1:03  Probe  
  17  1:16  Probe  
  18  1:28  Probe  
  19  1:39  Pylon  
  19  1:56  Nexus  
  19  2:15  Cybernetics Core, Pylon  
  19  2:17  Probe, Zealot  
  19  2:22  Zealot  
  22  2:31  Assimilator  
  22  2:34  Probe  
  25  2:40  Zealot, Warp Gate  
  25  2:47  Zealot  
  25  2:50  Probe  
  30  3:06  Probe  
  30  3:08  Probe  
  32  3:19  Probe  
  33  3:22  Probe  
  34  3:35  Probe x2  
  34  3:36  Twilight Council  
  34  3:39  Robotics Facility  
  36  3:41  Stalker  
  38  3:51  Stalker  
  40  4:02  Probe x2  
  34  4:28  Probe x2  
  36  4:43  Pylon  
  36  4:45  Probe x2  
  38  4:46  Pylon  
  38  4:48  Charge  
  38  4:51  Immortal  
  42  5:05  Stargate  
  42  5:06  Stargate  
  42  5:14  Probe x2, Robotics Bay  
  44  5:21  Stalker  
  44  5:23  Zealot  
  44  5:26  Probe  
  44  5:27  Probe  
  50  5:33  Assimilator  
  50  5:38  Assimilator  
  50  5:39  Probe x2, Immortal  
  56  5:51  Probe x2  
  58  6:13  Probe x2  
  58  6:15  Nexus  
  60  6:31  Pylon  
  60  6:35  Pylon  
  60  6:39  Pylon  
  60  6:40  Extended Thermal Lance  
  60  6:42  Pylon  
  60  6:49  Oracle x2  
  60  6:52  Pylon, Blink  
  66  6:56  Zealot  
  66  6:57  Zealot  
  66  6:58  Pylon  
  70  7:02  Pylon  
  70  7:11  Pylon  
  70  7:15  Pylon  
  70  7:18  Pylon  
  50  7:59  Probe x3  
  53  8:11  Probe x3  
  56  8:23  Probe x3  
  59  8:30  Void Ray  
  59  8:31  Void Ray  
  67  8:35  Probe x3  
  69  8:43  Assimilator  
  69  8:47  Probe x3  
  69  8:48  Assimilator  
  50  9:36  Stalker x2  
  51  9:58  Immortal  
  51  10:02  Void Ray x2  
  55  10:25  Gateway  
  55  10:27  Gateway  
  55  10:30  Gateway  
  55  10:32  Gateway  
  55  10:34  Gateway  
  55  10:36  Gateway  
  55  10:39  Gateway  
  55  10:44  Gateway  
  55  10:45  Gateway  
  55  10:58  Gateway  
  55  11:01  Stalker x2  
  55  11:02  Fleet Beacon  
  55  11:03  Forge  
  59  11:05  Void Ray x2  
  59  11:06  Forge  
  59  11:08  Forge  
  59  11:09  Colossus  
  73  11:12  Cybernetics Core  
  73  11:36  Stalker  
  73  11:37  Stalker x2  
  73  11:38  Stalker x4  
  73  11:39  Stalker x2  
  91  11:40  Nexus  
  83  12:24  Stalker  
  83  12:25  Stalker x3, Nexus  
  83  12:26  Stalker x4  
  99  13:01  Protoss Ground Weapons Level 1  
  99  13:03  Protoss Ground Armor Level 1  
  99  13:04  Protoss Shields Level 1  
  99  13:10  Assimilator  
  99  13:18  Assimilator  
  99  13:25  Void Ray x2  
  55  14:38  Stalker x3  
  51  14:39  Stalker x3  
  51  14:40  Stalker x3  
  51  14:41  Stalker x3  
  71  14:48  Probe x2  
  71  14:52  Probe  
  74  15:00  Probe x2  
  74  15:04  Probe  
  77  15:07  Pylon  
  77  15:11  Pylon  
  77  15:12  Probe x2  
  77  15:16  Probe, Pylon  
  78  15:24  Probe x2  
  80  15:29  Probe  
  80  15:31  Stalker  
  80  15:32  Stalker x4  
  91  16:02  Stalker x3  
  91  16:03  Stalker  
  99  16:04  Stalker x2  
  103  16:15  Stalker x4  
  103  16:16  Stalker x2  
  115  17:14  Stalker x2  
  115  17:15  Stalker x3  
  123  17:16  Stalker x4  
  123  17:17  Stalker x3  
  139  18:14  Nexus  
Tags
 
Add a new tag
Caveats
  • Supply blocks, unpowered buildings, or Contaminate may cause inaccurate times.
  • Supply counts are checked every 10 seconds.